Blackhawks vs Golden Knights

Created - April 16, 2024 at 21:12

Goals
1 2 3 T
Blackhawks 2 0 0 2
Golden Knights 1 1 1 3
Shots
1 2 3 T
Blackhawks 9 6 7 22
Golden Knights 10 9 13 32

1st period

1. Blackhawks , Miles Wood 17 (Jordan Kyrou 17, Darnell Nurse 33) at 12:03
2. Golden Knights , Matthew Beniers 27 (Kaiden Guhle 13, Zemgus Girgensons 27) at 14:40
3. Blackhawks , Jake Walman 7 (Radim Zohorna 5, Jordan Kyrou 18) at 18:47

Penalties :
Joshua Brown (CHI) for Holding (Minor) at 1:02

2nd period

4. Golden Knights , James van Riemsdyk 20 (Morgan Barron 14) at 4:31

Penalties :
Darnell Nurse (CHI) for Cross-checking (Minor) at 11:38

3rd period

5. Golden Knights , Noah Gregor 11 (Morgan Barron 15) at 4:10

Penalties :
Ryan Murray (LVG) for Tripping (Minor) at 1:13, Andrew Poturalski (CHI) for Hooking (Minor) at 8:13, Oliver Ekman-Larsson (LVG) for Goalie Interference (Minor) at 12:45, Darnell Nurse (CHI) for Tripping (Minor) at 18:32

Goalie Stats

Kevin Poulin (CHI), 29 saves from 32 shots - (0.906), L, 3-9-3, 60:00 minutes
Brandon Bussi (LVG), 20 saves from 22 shots - (0.909), W, 1-0-0, 60:00 minutes

Players Stats for Blackhawks

Player Name              G  A  P  +/- PIM S  H  SB GA TA FO     MP     PP MP  PK MP  
------------------------------------------------------------------------------------
Andrew Copp              0  0  0  -3  0   2  0  0  0  0  18/30  20:53   1:50   4:49 
Andrew Poturalski        0  0  0   0  2   0  1  0  0  0  7/15   15:51   0:00   1:23 
Arthur Kaliyev           0  0  0   0  0   1  0  0  0  0  1/2    16:07   1:34   0:00 
Christian Fischer        0  0  0  -3  0   0  3  0  0  0  1/2    17:13   0:50   2:11 
Connor Dewar             0  0  0  -3  0   2  0  0  0  0  0/0    18:28   0:00   4:16 
Darnell Nurse            0  1  1   0  4   2  2  0  0  0  0/0    22:46   1:54   1:37 
Dominik Kubalik          0  0  0   0  0   4  1  0  0  0  2/2    16:46   2:08   0:17 
Filip Zadina             0  0  0   0  0   0  1  1  0  0  0/1    14:29   0:00   0:00 
Jaccob Slavin            0  0  0  -1  0   1  1  5  0  0  0/0    22:52   2:20   3:42 
Jake Walman              1  0  1  -1  0   2  1  1  0  0  0/0    22:46   1:38   2:56 
Jordan Kyrou             0  2  2   2  0   1  0  0  0  0  0/0     7:48   2:24   0:00 
Joshua Brown             0  0  0   0  2   0  3  0  0  0  0/0    15:01   0:00   0:35 
Miles Wood               1  0  1   2  0   4  0  0  0  0  0/0     8:50   1:34   1:52 
Nikita Zaitsev           0  0  0   1  0   0  2  1  0  0  0/0    10:16   0:00   1:50 
Parker Kelly             0  0  0   0  0   0  0  0  0  0  0/1    14:33   0:00   0:00 
Quinn Hughes             0  0  0  -1  0   2  2  0  0  0  0/0    25:30   2:04   4:08 
Radim Zohorna            0  1  1   2  0   0  2  0  0  0  5/8     6:16   0:00   0:00 
T.J. Tynan               0  0  0   0  0   1  0  0  0  0  6/14   16:07   1:34   0:00 

Players Stats for Golden Knights

Player Name              G  A  P  +/- PIM S  H  SB GA TA FO     MP     PP MP  PK MP  
------------------------------------------------------------------------------------
Bowen Byram              0  0  0   0  0   1  0  1  0  0  0/0    19:00   3:15   2:28 
Braden Schneider         0  0  0   0  0   0  4  1  0  0  0/0    20:06   4:09   1:59 
Brendan Gallagher        0  0  0   0  0   0  0  0  0  0  0/0     0:00   0:00   0:00 
Curtis McKenzie          0  0  0   0  0   1  1  0  0  0  2/2    11:07   0:00   0:00 
James van Riemsdyk       1  0  1   1  0   3  0  0  0  0  2/3    14:44   3:48   1:10 
Jesper Boqvist           0  0  0   0  0   3  1  1  0  0  0/0    15:02   0:00   1:02 
Jesse Puljujarvi         0  0  0   0  0   1  1  0  0  0  1/1    11:07   0:00   0:00 
John Hayden              0  0  0   0  0   1  2  0  0  0  1/1    13:45   0:00   0:00 
Jonas Siegenthaler       0  0  0   0  0   0  1  0  0  0  0/0    23:29   3:01   2:19 
Jordan Staal             0  0  0   0  0   2  4  0  0  0  17/25  24:19   3:36   0:00 
Kaiden Guhle             0  1  1   2  0   1  1  0  0  0  0/0    16:02   0:00   0:00 
Matthew Beniers          1  0  1   0  0   8  1  1  0  0  7/20   20:00   3:56   2:19 
Morgan Barron            0  2  2   1  0   1  3  0  0  0  5/21   19:10   3:14   1:46 
Noah Gregor              1  0  1   0  0   5  1  0  0  0  0/1    14:14   0:14   0:00 
Oliver Ekman-Larsson     0  0  0   1  2   2  2  2  0  0  0/0    25:39   4:09   0:36 
Pierre Engvall           0  0  0   1  0   1  0  0  0  0  0/1    14:44   3:48   1:10 
Ryan Murray              0  0  0  -1  2   1  1  0  0  0  0/0    15:42   0:14   0:34 
Zemgus Girgensons        0  1  1   0  0   1  0  0  0  0  0/0    17:50   3:36   0:29 

3 Stars

1 - Morgan Barron (LVG)
2 - Jordan Kyrou (CHI)
3 - Miles Wood (CHI)

Power Play

Blackhawks - 0 on 2 Attempt(s) - 0.00%
Golden Knights - 0 on 4 Attempt(s) - 0.00%

Penalty Kill

Blackhawks - 4 on 4 Attempt(s) - 100.00% - Score 0 goal in Penalty Kill
Golden Knights - 2 on 2 Attempt(s) - 100.00% - Score 0 goal in Penalty Kill

Team Stat

Blackhawks - Hits : 19 - Faceoff Wins : 40 - Blocked Shots : 8 - Penalty Minutes : 8
Golden Knights - Hits : 23 - Faceoff Wins : 35 - Blocked Shots : 6 - Penalty Minutes : 4

Official

Referees : Carter Sandlak and Jean Hebert
Linesman : Travis Toomey and Kilian McNamara

Game Notes

Nikita Zaitsev is injured at 15:47 of 2nd period (Right Foot)

Finance

Level 1 -- Attendance: 6000 (100.00%) -- Ticket Income $390,000
Level 2 -- Attendance: 5000 (100.00%) -- Ticket Income $225,000
Level 3 -- Attendance: 2000 (100.00%) -- Ticket Income $80,000
Level 4 -- Attendance: 4000 (100.00%) -- Ticket Income $140,000
Luxury Box -- Attendance: 1000 (100.00%) -- Ticket Income $100,000
Game was played at the T-Mobile Center.
Total Attendance: 18000 (100.00%)
Total Ticket Income: $935,000
Other Income: $458,150
Total Income: $1,393,150

Blackhawks

5 vs 5 Forward 
   Center                   Left Wing                Right Wing               Time % Phy DF OF 
 1 Andrew Poturalski        Dominik Kubalik          Filip Zadina             30     3   1  1  
 2 T.J. Tynan               Parker Kelly             Arthur Kaliyev           30     3   1  1  
 3 Andrew Copp              Connor Dewar             Christian Fischer        30     3   1  1  
 4 Radim Zohorna            Miles Wood               Jordan Kyrou             10     3   1  1  

5 vs 5 Defense 
   Defense                  Defense                                           Time % Phy DF OF 
 1 Jaccob Slavin            Quinn Hughes                                      30     3   1  1  
 2 Darnell Nurse            Nikita Zaitsev                                    30     3   1  1  
 3 Jake Walman              Joshua Brown                                      30     3   1  1  
 4 Darnell Nurse            Quinn Hughes                                      10     3   1  1  

PowerPlay Forward 
   Center                   Left Wing                Right Wing               Time % Phy DF OF 
 1 Andrew Copp              Dominik Kubalik          Jordan Kyrou             60     1   2  2  
 2 T.J. Tynan               Miles Wood               Arthur Kaliyev           40     1   2  2  

PowerPlay Defense
   Defense                  Defense                                           Time % Phy DF OF 
 1 Jaccob Slavin            Quinn Hughes                                      60     1   2  2  
 2 Darnell Nurse            Jake Walman                                       40     1   2  2  

Penalty Kill 4 Players Forward 
   Center                   Wing                     Time % Phy DF OF 
 1 Andrew Copp              Connor Dewar             60     1   2  2  
 2 Andrew Poturalski        Christian Fischer        40     1   2  2  

Penalty Kill 4 Players Defense
   Defense                  Defense                  Time % Phy DF OF 
 1 Jaccob Slavin            Quinn Hughes             60     1   2  2  
 2 Darnell Nurse            Nikita Zaitsev           40     1   2  2  

Penalty Kill - 3 Players Forward 
   Forward                                           Time % Phy DF OF 
 1 Andrew Poturalski                                 60     1   2  2  
 2 Andrew Copp                                       40     1   2  2  

Penalty Kill - 3 Players Defense
   Defense                  Defense                  Time % Phy DF OF 
 1 Jaccob Slavin            Quinn Hughes             60     1   2  2  
 2 Darnell Nurse            Nikita Zaitsev           40     1   2  2  

4 vs 4 Forward 
   Center                   Wing                     Time % Phy DF OF 
 1 Andrew Copp              Jordan Kyrou             60     1   2  2  
 2 Andrew Poturalski        Arthur Kaliyev           40     1   2  2  

4 vs 4 Defense
   Defense                  Defense                  Time % Phy DF OF 
 1 Jaccob Slavin            Quinn Hughes             60     1   2  2  
 2 Darnell Nurse            Nikita Zaitsev           40     1   2  2  

Last Minutes Offensive
   Center                   Left Wing                Right Wing               Defense                  Defense                  
   Andrew Copp              Dominik Kubalik          Jordan Kyrou             Darnell Nurse            Quinn Hughes             

Last Minutes Defensive
   Center                   Left Wing                Right Wing               Defense                  Defense                  
   Andrew Copp              Connor Dewar             Christian Fischer        Jaccob Slavin            Darnell Nurse            

Goaltenders
Starting : Kevin Poulin             
Backup : Philipp Grubauer         

Extra Forwards
Normal : Arthur Kaliyev, Andrew Copp, Jordan Kyrou - PP : Miles Wood, Christian Fischer - PK : Miles Wood
Extra Defensemen
Normal : Nikita Zaitsev, Jake Walman, Quinn Hughes - PP : Nikita Zaitsev - PK : Jake Walman, Nikita Zaitsev
Penalty Shots
Radim Zohorna, Jordan Kyrou, Arthur Kaliyev, Andrew Poturalski, Dominik Kubalik
Custom OT Lines Forwards
Andrew Poturalski, Jordan Kyrou, T.J. Tynan, Arthur Kaliyev, Andrew Copp, Dominik Kubalik, Radim Zohorna, Christian Fischer, Connor Dewar, Miles Wood
Custom OT Lines Defensemen
Quinn Hughes, Jaccob Slavin, Darnell Nurse, Nikita Zaitsev, Jake Walman

Scratches
Sergei Bobrovsky (Healthy)

Golden Knights

5 vs 5 Forward 
   Center                   Left Wing                Right Wing               Time % Phy DF OF 
 1 Jordan Staal             James van Riemsdyk       Pierre Engvall           25     1   2  2  
 2 Matthew Beniers          Zemgus Girgensons        John Hayden              25     1   2  2  
 3 Morgan Barron            Noah Gregor              Jesper Boqvist           25     1   2  2  
 4 Jordan Staal             Curtis McKenzie          Jesse Puljujarvi         25     1   2  2  

5 vs 5 Defense 
   Defense                  Defense                                           Time % Phy DF OF 
 1 Kaiden Guhle             Oliver Ekman-Larsson                              25     1   2  2  
 2 Jonas Siegenthaler       Bowen Byram                                       25     1   2  2  
 3 Ryan Murray              Braden Schneider                                  25     1   2  2  
 4 Oliver Ekman-Larsson     Jonas Siegenthaler                                25     1   2  2  

PowerPlay Forward 
   Center                   Left Wing                Right Wing               Time % Phy DF OF 
 1 Morgan Barron            James van Riemsdyk       Pierre Engvall           60     1   2  2  
 2 Matthew Beniers          Zemgus Girgensons        Jordan Staal             40     1   2  2  

PowerPlay Defense
   Defense                  Defense                                           Time % Phy DF OF 
 1 Braden Schneider         Oliver Ekman-Larsson                              60     1   2  2  
 2 Jonas Siegenthaler       Bowen Byram                                       40     1   2  2  

Penalty Kill 4 Players Forward 
   Center                   Wing                     Time % Phy DF OF 
 1 Morgan Barron            Matthew Beniers          60     1   2  2  
 2 James van Riemsdyk       Pierre Engvall           40     1   2  2  

Penalty Kill 4 Players Defense
   Defense                  Defense                  Time % Phy DF OF 
 1 Braden Schneider         Oliver Ekman-Larsson     60     1   2  2  
 2 Jonas Siegenthaler       Bowen Byram              40     1   2  2  

Penalty Kill - 3 Players Forward 
   Forward                                           Time % Phy DF OF 
 1 James van Riemsdyk                                60     1   2  2  
 2 Matthew Beniers                                   40     1   2  2  

Penalty Kill - 3 Players Defense
   Defense                  Defense                  Time % Phy DF OF 
 1 Braden Schneider         Oliver Ekman-Larsson     60     1   2  2  
 2 Jonas Siegenthaler       Bowen Byram              40     1   2  2  

4 vs 4 Forward 
   Center                   Wing                     Time % Phy DF OF 
 1 Jordan Staal             Matthew Beniers          60     1   2  2  
 2 James van Riemsdyk       Pierre Engvall           40     1   2  2  

4 vs 4 Defense
   Defense                  Defense                  Time % Phy DF OF 
 1 Braden Schneider         Oliver Ekman-Larsson     60     1   2  2  
 2 Jonas Siegenthaler       Bowen Byram              40     1   2  2  

Last Minutes Offensive
   Center                   Left Wing                Right Wing               Defense                  Defense                  
   Jordan Staal             James van Riemsdyk       Pierre Engvall           Ryan Murray              Oliver Ekman-Larsson     

Last Minutes Defensive
   Center                   Left Wing                Right Wing               Defense                  Defense                  
   Jordan Staal             James van Riemsdyk       Pierre Engvall           Ryan Murray              Oliver Ekman-Larsson     

Goaltenders
Starting : Brandon Bussi            
Backup : Jonathan Quick           

Extra Forwards
Normal : Noah Gregor, Morgan Barron, Jesper Boqvist - PP : Noah Gregor, Morgan Barron - PK : Jesper Boqvist
Extra Defensemen
Normal : Oliver Ekman-Larsson, Braden Schneider, Jonas Siegenthaler - PP : Oliver Ekman-Larsson - PK : Braden Schneider, Oliver Ekman-Larsson
Penalty Shots
Morgan Barron, Matthew Beniers, James van Riemsdyk, Pierre Engvall, Noah Gregor
Custom OT Lines Forwards
Jordan Staal, Matthew Beniers, James van Riemsdyk, Pierre Engvall, John Hayden, Zemgus Girgensons, Noah Gregor, Morgan Barron, Jesper Boqvist, Jesse Puljujarvi
Custom OT Lines Defensemen
Jordan Staal, Oliver Ekman-Larsson, Jonas Siegenthaler, Bowen Byram, Braden Schneider

Scratches
Daniel Vladar (Healthy)

% Time on Ice - Blackhawks

Lines # - Real PCT - Wanted PCT - Time Play
Normal Forward
1 - 30% - 30% - 14:29
2 - 30% - 30% - 14:33
3 - 29% - 30% - 14:12
4 - 11% - 10% - 5:24
Normal Defense
1 - 29% - 30% - 14:12
2 - 34% - 30% - 16:24
3 - 29% - 30% - 14:06
4 - 8% - 10% - 3:56
PP Forward
1 - 61% - 60% - 2:24
2 - 39% - 40% - 1:34
PP Defense
1 - 59% - 60% - 2:20
2 - 41% - 40% - 1:38
PK Forward
1 - 70% - 60% - 5:13
2 - 30% - 40% - 2:11
PK Defense
1 - 29% - 60% - 2:08
2 - 71% - 40% - 5:16
PK3 Forward
1 - 0% - 60%
2 - 0% - 40%
PK3 Defense
1 - 0% - 60%
2 - 0% - 40%
44 Forward
1 - 0% - 60%
2 - 0% - 40%
44 Defense
1 - 0% - 60%
2 - 0% - 40%
Last Minute Offensive  - 0:00
Last Minute Defensive  - 0:00
Total
Forward - 60:00
Defense - 60:00

% Time on Ice - Golden Knights

Lines # - Real PCT - Wanted PCT - Time Play
Normal Forward
1 - 20% - 25% - 9:46
2 - 28% - 25% - 13:45
3 - 29% - 25% - 14:00
4 - 23% - 25% - 11:07
Normal Defense
1 - 31% - 25% - 14:50
2 - 27% - 25% - 13:17
3 - 29% - 25% - 13:58
4 - 13% - 25% - 6:33
PP Forward
1 - 51% - 60% - 3:48
2 - 49% - 40% - 3:36
PP Defense
1 - 56% - 60% - 4:09
2 - 44% - 40% - 3:15
PK Forward
1 - 71% - 60% - 2:48
2 - 29% - 40% - 1:10
PK Defense
1 - 55% - 60% - 2:11
2 - 45% - 40% - 1:47
PK3 Forward
1 - 0% - 60%
2 - 0% - 40%
PK3 Defense
1 - 0% - 60%
2 - 0% - 40%
44 Forward
1 - 0% - 60%
2 - 0% - 40%
44 Defense
1 - 0% - 60%
2 - 0% - 40%
Last Minute Offensive  - 0:00
Last Minute Defensive  - 0:00
Total
Forward - 60:00
Defense - 60:00

Play-by-Play

1st period


0:01 of 1st period - Jordan Staal wins face-off versus Andrew Poturalski in neutral zone.
0:08 of 1st period - Shot by Jordan Staal.
0:08 of 1st period - Shot Misses the Net.
0:39 of 1st period - Shot by Pierre Engvall.
0:39 of 1st period - Stopped by Kevin Poulin without a rebound.
0:40 of 1st period - Matthew Beniers wins face-off versus T.J. Tynan in Blackhawks zone.
0:49 of 1st period - Shot by Matthew Beniers.
0:49 of 1st period - Stopped by Kevin Poulin without a rebound.
0:50 of 1st period - Andrew Copp wins face-off versus Morgan Barron in Blackhawks zone.
1:02 of 1st period - Minor Penalty to Joshua Brown for Holding.
1:03 of 1st period - Andrew Copp wins face-off versus Matthew Beniers in Blackhawks zone.
1:03 of 1st period - Andrew Copp is hit by Matthew Beniers.
1:19 of 1st period - Shot by Jordan Staal.
1:19 of 1st period - Shot Misses the Net.
2:25 of 1st period - Icing by Bowen Byram.
2:26 of 1st period - Morgan Barron wins face-off versus Andrew Copp in Golden Knights zone.
2:43 of 1st period - Shot by James van Riemsdyk.
2:43 of 1st period - Shot Misses the Net.
3:08 of 1st period - Kaiden Guhle is hit by Joshua Brown and loses puck.
3:29 of 1st period - Icing by Joshua Brown.
3:30 of 1st period - Jordan Staal wins face-off versus T.J. Tynan in Blackhawks zone.
3:30 of 1st period - Jordan Staal is hit by Jake Walman.
3:59 of 1st period - Shot by Jordan Staal.
3:59 of 1st period - Shot Misses the Net.
4:39 of 1st period - Shot by Dominik Kubalik.
4:39 of 1st period - Stopped by Brandon Bussi without a rebound.
4:40 of 1st period - Radim Zohorna wins face-off versus Morgan Barron in Golden Knights zone.
4:53 of 1st period - Shot by Jordan Kyrou.
4:53 of 1st period - Shot Hit the Post.
5:06 of 1st period - Jonas Siegenthaler is hit by Radim Zohorna and loses puck.
5:21 of 1st period - Shot by Jordan Kyrou.
5:21 of 1st period - Deflect By Miles Wood.
5:21 of 1st period - Stopped by Brandon Bussi without a rebound.
5:22 of 1st period - Christian Fischer wins face-off versus Pierre Engvall in Golden Knights zone.
5:40 of 1st period - Icing by Oliver Ekman-Larsson.
5:41 of 1st period - Jordan Staal wins face-off versus Andrew Poturalski in Golden Knights zone.
5:41 of 1st period - Jordan Staal is hit by Filip Zadina.
5:46 of 1st period - James van Riemsdyk is hit by Joshua Brown and loses puck.
6:21 of 1st period - James van Riemsdyk is hit by Dominik Kubalik and loses puck.
6:25 of 1st period - Icing by Kaiden Guhle.
6:26 of 1st period - Jordan Staal wins face-off versus Andrew Copp in Golden Knights zone.
6:57 of 1st period - Off-side.
6:58 of 1st period - Arthur Kaliyev wins face-off versus Morgan Barron in neutral zone.
7:14 of 1st period - Shot by Noah Gregor.
7:14 of 1st period - Shot Misses the Net.
7:48 of 1st period - Jake Walman is hit by Jesper Boqvist and loses puck.
7:56 of 1st period - Icing by Joshua Brown.
7:57 of 1st period - Matthew Beniers wins face-off versus Andrew Poturalski in Blackhawks zone.
8:11 of 1st period - Matthew Beniers is hit by Joshua Brown and loses puck.
8:48 of 1st period - Shot by Andrew Copp.
8:48 of 1st period - Shot Misses the Net.
8:50 of 1st period - Shot by Andrew Copp.
8:50 of 1st period - Stopped by Brandon Bussi with a rebound.
9:00 of 1st period - Shot by Connor Dewar.
9:00 of 1st period - Stopped by Brandon Bussi without a rebound.
9:01 of 1st period - Jordan Staal wins face-off versus Radim Zohorna in Golden Knights zone.
9:01 of 1st period - Oliver Ekman-Larsson is hit by Radim Zohorna and loses puck.
9:05 of 1st period - Icing by Kaiden Guhle.
9:06 of 1st period - T.J. Tynan wins face-off versus Jordan Staal in Golden Knights zone.
9:06 of 1st period - T.J. Tynan is hit by Kaiden Guhle.
9:15 of 1st period - Oliver Ekman-Larsson is hit by Darnell Nurse and loses puck.
10:36 of 1st period - Ryan Murray is hit by Christian Fischer and loses puck.
10:53 of 1st period - Shot by Zemgus Girgensons.
10:53 of 1st period - Stopped by Kevin Poulin without a rebound.
10:54 of 1st period - Jordan Staal wins face-off versus Andrew Poturalski in Blackhawks zone.
11:24 of 1st period - Jordan Staal is hit by Quinn Hughes and loses puck.
12:01 of 1st period - Shot by Jordan Kyrou.
12:01 of 1st period - Deflect By Miles Wood.
12:01 of 1st period - Shot Misses the Net.
12:03 of 1st period - Shot by Miles Wood.
12:03 of 1st period - Goal by Miles Wood - Blackhawks : 1 - Golden Knights : 0.
12:04 of 1st period - Jordan Staal wins face-off versus T.J. Tynan in neutral zone.
12:26 of 1st period - Shot by Jesse Puljujarvi.
12:26 of 1st period - Stopped by Kevin Poulin with a rebound.
12:28 of 1st period - Shot by Kaiden Guhle.
12:28 of 1st period - Stopped by Kevin Poulin with a rebound.
12:53 of 1st period - Jesper Boqvist is hit by Darnell Nurse and loses puck.
13:10 of 1st period - Shot by Noah Gregor.
13:10 of 1st period - Stopped by Kevin Poulin without a rebound.
13:11 of 1st period - John Hayden wins face-off versus Andrew Copp in Blackhawks zone.
13:16 of 1st period - Shot by Matthew Beniers.
13:16 of 1st period - Stopped by Kevin Poulin without a rebound.
13:17 of 1st period - Andrew Copp wins face-off versus Matthew Beniers in Blackhawks zone.
13:28 of 1st period - Shot by Andrew Copp.
13:28 of 1st period - Shot Misses the Net.
13:30 of 1st period - Shot by Jaccob Slavin.
13:30 of 1st period - Stopped by Brandon Bussi without a rebound.
13:31 of 1st period - Morgan Barron wins face-off versus Andrew Poturalski in Golden Knights zone.
14:01 of 1st period - Icing by Joshua Brown.
14:02 of 1st period - Andrew Poturalski wins face-off versus Jordan Staal in Blackhawks zone.
14:02 of 1st period - Dominik Kubalik is hit by Curtis McKenzie and loses puck.
14:15 of 1st period - Shot by Jordan Staal.
14:15 of 1st period - Shot Misses the Net.
14:22 of 1st period - Shot by Curtis McKenzie.
14:22 of 1st period - Shot Blocked by Jake Walman.
14:24 of 1st period - Shot by Jordan Staal.
14:24 of 1st period - Stopped by Kevin Poulin without a rebound.
14:25 of 1st period - Andrew Copp wins face-off versus Matthew Beniers in Blackhawks zone.
14:40 of 1st period - Shot by Matthew Beniers.
14:40 of 1st period - Goal by Matthew Beniers - Blackhawks : 1 - Golden Knights : 1.
14:41 of 1st period - Jordan Staal wins face-off versus Radim Zohorna in neutral zone.
15:12 of 1st period - Shot by Pierre Engvall.
15:12 of 1st period - Shot Misses the Net.
15:44 of 1st period - Shot by Ryan Murray.
15:44 of 1st period - Shot Misses the Net.
15:59 of 1st period - Icing by Braden Schneider.
16:00 of 1st period - T.J. Tynan wins face-off versus Matthew Beniers in Golden Knights zone.
16:31 of 1st period - Shot by Arthur Kaliyev.
16:31 of 1st period - Stopped by Brandon Bussi without a rebound.
16:32 of 1st period - Jordan Staal wins face-off versus Andrew Copp in Golden Knights zone.
16:32 of 1st period - Jordan Staal is hit by Christian Fischer.
16:37 of 1st period - Oliver Ekman-Larsson is hit by Quinn Hughes and loses puck.
16:50 of 1st period - Shot by Christian Fischer.
16:50 of 1st period - Shot Misses the Net.
17:03 of 1st period - Andrew Copp is hit by Oliver Ekman-Larsson.
17:29 of 1st period - Icing by Oliver Ekman-Larsson.
17:30 of 1st period - Jordan Staal wins face-off versus Andrew Poturalski in Golden Knights zone.
18:21 of 1st period - Shot by Morgan Barron.
18:21 of 1st period - Deflect By Jesper Boqvist.
18:21 of 1st period - Shot Misses the Net.
18:41 of 1st period - Icing by Noah Gregor.
18:42 of 1st period - Radim Zohorna wins face-off versus Morgan Barron in Golden Knights zone.
18:45 of 1st period - Shot by Jordan Kyrou.
18:45 of 1st period - Deflect By Radim Zohorna.
18:45 of 1st period - Shot Misses the Net.
18:47 of 1st period - Shot by Jake Walman.
18:47 of 1st period - Goal by Jake Walman - Blackhawks : 2 - Golden Knights : 1.
18:48 of 1st period - Matthew Beniers wins face-off versus T.J. Tynan in neutral zone.
19:08 of 1st period - Shot by Parker Kelly.
19:08 of 1st period - Shot Hit the Post.
19:10 of 1st period - Shot by T.J. Tynan.
19:10 of 1st period - Shot Misses the Net.
19:20 of 1st period - Shot by Quinn Hughes.
19:20 of 1st period - Stopped by Brandon Bussi without a rebound.
19:21 of 1st period - Andrew Copp wins face-off versus Morgan Barron in Golden Knights zone.
19:26 of 1st period - Shot by Christian Fischer.
19:26 of 1st period - Shot Blocked by Oliver Ekman-Larsson.
19:34 of 1st period - Shot by Noah Gregor.
19:34 of 1st period - Stopped by Kevin Poulin with a rebound.
19:41 of 1st period - Joshua Brown is hit by Morgan Barron and loses puck.
Goals for this period are 2 for Blackhawks vs 1 for Golden Knights.
Shots for this period are 9 for Blackhawks vs 10 for Golden Knights.

2nd period


0:01 of 2nd period - Jordan Staal wins face-off versus Andrew Copp in neutral zone.
0:11 of 2nd period - Quinn Hughes is hit by Oliver Ekman-Larsson and loses puck.
1:11 of 2nd period - Jake Walman is hit by Jordan Staal and loses puck.
1:15 of 2nd period - Icing by Joshua Brown.
1:16 of 2nd period - Matthew Beniers wins face-off versus T.J. Tynan in Blackhawks zone.
1:44 of 2nd period - Shot by Matthew Beniers.
1:44 of 2nd period - Shot Misses the Net.
2:37 of 2nd period - Shot by Dominik Kubalik.
2:37 of 2nd period - Stopped by Brandon Bussi with a rebound.
3:58 of 2nd period - Shot by Matthew Beniers.
3:58 of 2nd period - Stopped by Kevin Poulin with a rebound.
4:31 of 2nd period - Shot by James van Riemsdyk.
4:31 of 2nd period - Goal by James van Riemsdyk - Blackhawks : 2 - Golden Knights : 2.
4:32 of 2nd period - Jordan Staal wins face-off versus Parker Kelly in neutral zone.
4:39 of 2nd period - Shot by Pierre Engvall.
4:39 of 2nd period - Shot Misses the Net.
5:12 of 2nd period - Icing by Bowen Byram.
5:13 of 2nd period - Radim Zohorna wins face-off versus Jordan Staal in Golden Knights zone.
5:28 of 2nd period - Shot by Darnell Nurse.
5:28 of 2nd period - Shot Misses the Net.
5:51 of 2nd period - Shot by Miles Wood.
5:51 of 2nd period - Stopped by Brandon Bussi without a rebound.
5:52 of 2nd period - Andrew Copp wins face-off versus Matthew Beniers in Golden Knights zone.
6:21 of 2nd period - Off-side.
6:22 of 2nd period - Andrew Poturalski wins face-off versus Morgan Barron in neutral zone.
6:22 of 2nd period - Andrew Poturalski is hit by Morgan Barron.
6:29 of 2nd period - Dominik Kubalik is hit by Braden Schneider and loses puck.
6:36 of 2nd period - Dominik Kubalik is hit by Morgan Barron and loses puck.
6:49 of 2nd period - Shot by Jesper Boqvist.
6:49 of 2nd period - Stopped by Kevin Poulin with a rebound.
6:53 of 2nd period - Shot by Noah Gregor.
6:53 of 2nd period - Shot Hit the Post.
6:55 of 2nd period - Shot by Jesper Boqvist.
6:55 of 2nd period - Shot Blocked by Jaccob Slavin.
7:04 of 2nd period - Icing by Jaccob Slavin.
7:05 of 2nd period - Andrew Poturalski wins face-off versus Matthew Beniers in Blackhawks zone.
7:05 of 2nd period - Andrew Poturalski is hit by John Hayden.
8:22 of 2nd period - Parker Kelly is hit by Braden Schneider.
9:15 of 2nd period - Shot by Noah Gregor.
9:15 of 2nd period - Shot Misses the Net.
9:17 of 2nd period - Shot by Jesper Boqvist.
9:17 of 2nd period - Deflect By Noah Gregor.
9:17 of 2nd period - Stopped by Kevin Poulin without a rebound.
9:18 of 2nd period - Matthew Beniers wins face-off versus Andrew Poturalski in Blackhawks zone.
9:36 of 2nd period - Shot by Matthew Beniers.
9:36 of 2nd period - Stopped by Kevin Poulin with a rebound.
9:38 of 2nd period - Shot by Matthew Beniers.
9:38 of 2nd period - Shot Misses the Net.
9:48 of 2nd period - Shot by Darnell Nurse.
9:48 of 2nd period - Shot Misses the Net.
10:05 of 2nd period - Oliver Ekman-Larsson is hit by Jaccob Slavin and loses puck.
10:30 of 2nd period - Shot by Quinn Hughes.
10:30 of 2nd period - Shot Blocked by Jesper Boqvist.
11:17 of 2nd period - Arthur Kaliyev is hit by Jonas Siegenthaler and loses puck.
11:35 of 2nd period - Icing by Darnell Nurse.
11:36 of 2nd period - Curtis McKenzie wins face-off versus Radim Zohorna in Blackhawks zone.
11:38 of 2nd period - Minor Penalty to Darnell Nurse for Cross-checking.
11:39 of 2nd period - Matthew Beniers wins face-off versus Andrew Copp in Blackhawks zone.
11:40 of 2nd period - Shot by Jordan Staal.
11:40 of 2nd period - Stopped by Kevin Poulin without a rebound.
11:41 of 2nd period - Andrew Copp wins face-off versus Matthew Beniers in Blackhawks zone.
12:32 of 2nd period - Matthew Beniers is hit by Nikita Zaitsev and loses puck.
12:38 of 2nd period - James van Riemsdyk is hit by Nikita Zaitsev and loses puck.
13:23 of 2nd period - Shot by Oliver Ekman-Larsson.
13:23 of 2nd period - Stopped by Kevin Poulin without a rebound.
13:24 of 2nd period - Andrew Copp wins face-off versus Noah Gregor in Blackhawks zone.
13:33 of 2nd period - Shot by Nikita Zaitsev.
13:33 of 2nd period - Shot Misses the Net.
13:35 of 2nd period - Shot by Nikita Zaitsev.
13:35 of 2nd period - Shot Misses the Net.
15:10 of 2nd period - Shot by Matthew Beniers.
15:10 of 2nd period - Stopped by Kevin Poulin with a rebound.
15:41 of 2nd period - Off-side.
15:42 of 2nd period - Jordan Staal wins face-off versus Andrew Copp in neutral zone.
15:47 of 2nd period - Shot by Pierre Engvall.
15:47 of 2nd period - Shot Blocked by Nikita Zaitsev.
15:47 of 2nd period - Nikita Zaitsev from Blackhawks is injured at 15:47 of 2nd period (Right Foot).
15:48 of 2nd period - James van Riemsdyk wins face-off versus Andrew Copp in Blackhawks zone.
15:53 of 2nd period - Shot by James van Riemsdyk.
15:53 of 2nd period - Stopped by Kevin Poulin without a rebound.
15:54 of 2nd period - Jordan Staal wins face-off versus Andrew Copp in Blackhawks zone.
16:30 of 2nd period - Icing by Kaiden Guhle.
16:31 of 2nd period - Radim Zohorna wins face-off versus Jordan Staal in Golden Knights zone.
16:44 of 2nd period - Shot by Miles Wood.
16:44 of 2nd period - Stopped by Brandon Bussi with a rebound.
16:46 of 2nd period - Shot by Darnell Nurse.
16:46 of 2nd period - Stopped by Brandon Bussi with a rebound.
17:06 of 2nd period - Shot by Jordan Kyrou.
17:06 of 2nd period - Shot Misses the Net.
17:59 of 2nd period - Dominik Kubalik is hit by Braden Schneider and loses puck.
18:09 of 2nd period - Icing by Andrew Poturalski.
18:10 of 2nd period - Dominik Kubalik wins face-off versus Morgan Barron in Blackhawks zone.
18:20 of 2nd period - Icing by Jonas Siegenthaler.
18:21 of 2nd period - Morgan Barron wins face-off versus Christian Fischer in Golden Knights zone.
18:44 of 2nd period - Shot by Connor Dewar.
18:44 of 2nd period - Stopped by Brandon Bussi without a rebound.
18:45 of 2nd period - Matthew Beniers wins face-off versus T.J. Tynan in Golden Knights zone.
18:56 of 2nd period - Parker Kelly is hit by John Hayden and loses puck.
19:35 of 2nd period - Icing by Bowen Byram.
19:36 of 2nd period - Andrew Copp wins face-off versus Morgan Barron in Golden Knights zone.
19:45 of 2nd period - Shot by Andrew Copp.
19:45 of 2nd period - Stopped by Brandon Bussi without a rebound.
19:46 of 2nd period - Andrew Poturalski wins face-off versus Morgan Barron in Golden Knights zone.
Goals for this period are 0 for Blackhawks vs 1 for Golden Knights.
Shots for this period are 6 for Blackhawks vs 9 for Golden Knights.

3rd period


0:01 of 3rd period - Andrew Copp wins face-off versus Jordan Staal in neutral zone.
0:57 of 3rd period - Quinn Hughes is hit by Braden Schneider and loses puck.
1:03 of 3rd period - T.J. Tynan is hit by Ryan Murray and loses puck.
1:13 of 3rd period - Minor Penalty to Ryan Murray for Tripping.
1:14 of 3rd period - Andrew Copp wins face-off versus Morgan Barron in Golden Knights zone.
1:53 of 3rd period - Shot by Jake Walman.
1:53 of 3rd period - Stopped by Brandon Bussi with a rebound.
2:39 of 3rd period - Shot by Quinn Hughes.
2:39 of 3rd period - Shot Blocked by Braden Schneider.
3:14 of 3rd period - Icing by Jesper Boqvist.
3:15 of 3rd period - Curtis McKenzie wins face-off versus Andrew Copp in Golden Knights zone.
3:45 of 3rd period - Shot by Jordan Staal.
3:45 of 3rd period - Shot Misses the Net.
4:10 of 3rd period - Shot by Noah Gregor.
4:10 of 3rd period - Goal by Noah Gregor - Blackhawks : 2 - Golden Knights : 3.
4:11 of 3rd period - Radim Zohorna wins face-off versus Matthew Beniers in neutral zone.
4:24 of 3rd period - Shot by Zemgus Girgensons.
4:24 of 3rd period - Shot Misses the Net.
4:26 of 3rd period - Shot by Ryan Murray.
4:26 of 3rd period - Stopped by Kevin Poulin with a rebound.
4:36 of 3rd period - Shot by Matthew Beniers.
4:36 of 3rd period - Deflect By John Hayden.
4:36 of 3rd period - Shot Blocked by Jaccob Slavin.
4:38 of 3rd period - Shot by John Hayden.
4:38 of 3rd period - Deflect By Matthew Beniers.
4:38 of 3rd period - Stopped by Kevin Poulin without a rebound.
4:39 of 3rd period - Andrew Poturalski wins face-off versus Morgan Barron in Blackhawks zone.
4:39 of 3rd period - Andrew Poturalski is hit by Noah Gregor.
4:53 of 3rd period - Shot by Jesper Boqvist.
4:53 of 3rd period - Stopped by Kevin Poulin with a rebound.
4:55 of 3rd period - Shot by Noah Gregor.
4:55 of 3rd period - Stopped by Kevin Poulin without a rebound.
4:56 of 3rd period - Jordan Staal wins face-off versus T.J. Tynan in Blackhawks zone.
4:57 of 3rd period - Shot by James van Riemsdyk.
4:57 of 3rd period - Stopped by Kevin Poulin without a rebound.
4:58 of 3rd period - T.J. Tynan wins face-off versus Jordan Staal in Blackhawks zone.
4:58 of 3rd period - T.J. Tynan is hit by Jesse Puljujarvi.
5:36 of 3rd period - Shot by Bowen Byram.
5:36 of 3rd period - Stopped by Kevin Poulin with a rebound.
6:18 of 3rd period - Shot by Matthew Beniers.
6:18 of 3rd period - Shot Blocked by Jaccob Slavin.
6:41 of 3rd period - Ryan Murray is hit by Andrew Poturalski and loses puck.
6:45 of 3rd period - Off-side.
6:46 of 3rd period - James van Riemsdyk wins face-off versus Andrew Copp in neutral zone.
6:59 of 3rd period - Shot by Jake Walman.
6:59 of 3rd period - Shot Blocked by Bowen Byram.
7:46 of 3rd period - Shot by Jesper Boqvist.
7:46 of 3rd period - Stopped by Kevin Poulin without a rebound.
7:47 of 3rd period - Dominik Kubalik wins face-off versus Matthew Beniers in Blackhawks zone.
8:13 of 3rd period - Minor Penalty to Andrew Poturalski for Hooking.
8:14 of 3rd period - Andrew Copp wins face-off versus Morgan Barron in Blackhawks zone.
8:20 of 3rd period - Icing by Braden Schneider.
8:21 of 3rd period - Andrew Copp wins face-off versus James van Riemsdyk in Golden Knights zone.
9:06 of 3rd period - Icing by Jordan Staal.
9:07 of 3rd period - Andrew Copp wins face-off versus Matthew Beniers in Golden Knights zone.
9:08 of 3rd period - Shot by Darnell Nurse.
9:08 of 3rd period - Shot Misses the Net.
9:26 of 3rd period - Christian Fischer is hit by Jordan Staal and loses puck.
10:31 of 3rd period - Shot by Dominik Kubalik.
10:31 of 3rd period - Stopped by Brandon Bussi without a rebound.
10:32 of 3rd period - T.J. Tynan wins face-off versus Jordan Staal in Golden Knights zone.
10:48 of 3rd period - Icing by Darnell Nurse.
10:49 of 3rd period - T.J. Tynan wins face-off versus Matthew Beniers in Blackhawks zone.
11:07 of 3rd period - Shot by T.J. Tynan.
11:07 of 3rd period - Stopped by Brandon Bussi without a rebound.
11:08 of 3rd period - Jordan Staal wins face-off versus Andrew Poturalski in Golden Knights zone.
11:23 of 3rd period - Andrew Poturalski is hit by Jordan Staal and loses puck.
11:42 of 3rd period - Dominik Kubalik is hit by Jordan Staal and loses puck.
12:21 of 3rd period - Shot by Andrew Copp.
12:21 of 3rd period - Shot Misses the Net.
12:23 of 3rd period - Shot by Quinn Hughes.
12:23 of 3rd period - Stopped by Brandon Bussi without a rebound.
12:24 of 3rd period - T.J. Tynan wins face-off versus Matthew Beniers in Golden Knights zone.
12:28 of 3rd period - Shot by Parker Kelly.
12:28 of 3rd period - Deflect By Arthur Kaliyev.
12:28 of 3rd period - Shot Blocked by Matthew Beniers.
12:30 of 3rd period - Shot by Arthur Kaliyev.
12:30 of 3rd period - Shot Misses the Net.
12:32 of 3rd period - Shot by Jaccob Slavin.
12:32 of 3rd period - Shot Misses the Net.
12:45 of 3rd period - Minor Penalty to Oliver Ekman-Larsson for Goalie Interference.
12:46 of 3rd period - Andrew Copp wins face-off versus Morgan Barron in Golden Knights zone.
12:47 of 3rd period - Shot by Jordan Kyrou.
12:47 of 3rd period - Shot Misses the Net.
12:49 of 3rd period - Shot by Dominik Kubalik.
12:49 of 3rd period - Stopped by Brandon Bussi without a rebound.
12:50 of 3rd period - Andrew Copp wins face-off versus Morgan Barron in Golden Knights zone.
14:17 of 3rd period - Shot by Darnell Nurse.
14:17 of 3rd period - Stopped by Brandon Bussi with a rebound.
14:50 of 3rd period - Shot by Jordan Kyrou.
14:50 of 3rd period - Stopped by Brandon Bussi without a rebound.
14:51 of 3rd period - Jesse Puljujarvi wins face-off versus Filip Zadina in Golden Knights zone.
15:10 of 3rd period - Shot by Curtis McKenzie.
15:10 of 3rd period - Stopped by Kevin Poulin without a rebound.
15:11 of 3rd period - Morgan Barron wins face-off versus T.J. Tynan in Blackhawks zone.
16:24 of 3rd period - Curtis McKenzie is hit by Christian Fischer and loses puck.
16:43 of 3rd period - Icing by Kaiden Guhle.
16:44 of 3rd period - Andrew Poturalski wins face-off versus Jordan Staal in Golden Knights zone.
16:53 of 3rd period - Shot by Dominik Kubalik.
16:53 of 3rd period - Shot Blocked by Oliver Ekman-Larsson.
17:31 of 3rd period - Shot by Zemgus Girgensons.
17:31 of 3rd period - Shot Misses the Net.
17:33 of 3rd period - Shot by Jonas Siegenthaler.
17:33 of 3rd period - Shot Blocked by Jaccob Slavin.
17:39 of 3rd period - Shot by Matthew Beniers.
17:39 of 3rd period - Shot Misses the Net.
17:41 of 3rd period - Shot by Zemgus Girgensons.
17:41 of 3rd period - Shot Blocked by Jaccob Slavin.
17:43 of 3rd period - Shot by Zemgus Girgensons.
17:43 of 3rd period - Shot Misses the Net.
17:45 of 3rd period - Shot by John Hayden.
17:45 of 3rd period - Shot Blocked by Filip Zadina.
17:47 of 3rd period - Shot by John Hayden.
17:47 of 3rd period - Stopped by Kevin Poulin with a rebound.
18:29 of 3rd period - Shot by Noah Gregor.
18:29 of 3rd period - Deflect By Morgan Barron.
18:29 of 3rd period - Stopped by Kevin Poulin without a rebound.
18:30 of 3rd period - Jordan Staal wins face-off versus Arthur Kaliyev in Blackhawks zone.
18:32 of 3rd period - Minor Penalty to Darnell Nurse for Tripping.
18:33 of 3rd period - Andrew Copp wins face-off versus Morgan Barron in Blackhawks zone.
18:53 of 3rd period - Off-side.
18:54 of 3rd period - Andrew Copp wins face-off versus Matthew Beniers in neutral zone.
19:26 of 3rd period - Shot by Matthew Beniers.
19:26 of 3rd period - Stopped by Kevin Poulin without a rebound.
19:27 of 3rd period - Andrew Poturalski wins face-off versus Morgan Barron in Blackhawks zone.
19:40 of 3rd period - Shot by Oliver Ekman-Larsson.
19:40 of 3rd period - Stopped by Kevin Poulin without a rebound.
19:41 of 3rd period - Morgan Barron wins face-off versus Andrew Copp in Blackhawks zone.
19:50 of 3rd period - Shot by Bowen Byram.
19:50 of 3rd period - Shot Misses the Net.
Goals for this period are 0 for Blackhawks vs 1 for Golden Knights.
Shots for this period are 7 for Blackhawks vs 13 for Golden Knights.